Map: [EWC] Alcyone

Players

Astrea - Winner!

  • Race: Protoss Protoss
  • Spawn Location: 7:00

GuMiho

  • Race: Terran Terran
  • Spawn Location: 1:00

Event: Esports World Cup 2024

VOD

Have the link to the VOD?

Description

Time

  • Played on: Aug. 14, 2024, 9:03 a.m.
  • Length: 15:34

All games in this series

Show
View Real Time Build Order
Export as new Build Order

Astrea Protoss - Winner!

Build Orders: 1 Gate Expand, Blink Stalkers 

Get SALT Encoding   

  12  0:00  Probe  
  13  0:12  Probe  
  14  0:16  Pylon  
  14  0:24  Probe (Chrono Boost)  
  16  0:35  Gateway  
  16  0:36  Probe (Chrono Boost)  
  16  0:42  Probe (Chrono Boost)  
  16  0:44  Assimilator  
  17  0:51  Probe  
  18  1:03  Probe  
  19  1:15  Probe  
  20  1:22  Cybernetics Core  
  20  1:23  Zealot  
  22  1:33  Nexus  
  22  1:39  Pylon  
  22  1:44  Assimilator  
  22  1:48  Probe  
  23  1:55  Adept (Chrono Boost)  
  23  1:58  Warp Gate  
  23  2:00  Probe  
  26  2:13  Probe  
  27  2:15  Adept (Chrono Boost)  
  29  2:23  Twilight Council  
  29  2:25  Probe  
  30  2:37  Probe  
  31  2:45  Stalker  
  31  2:49  Probe  
  31  2:50  Probe  
  33  2:52  Shield Battery  
  33  2:59  Blink (Chrono Boost)  
  33  3:01  Probe  
  33  3:03  Probe  
  35  3:13  Probe  
  35  3:15  Probe  
  35  3:24  Robotics Facility  
  35  3:25  Probe  
  36  3:27  Probe  
  36  3:28  Gateway  
  37  3:37  Probe  
  37  3:39  Probe  
  38  3:47  Stalker  
  38  3:49  Probe  
  38  3:51  Probe  
  40  3:55  Pylon  
  40  4:01  Probe  
  41  4:03  Probe  
  41  4:07  Gateway  
  42  4:10  Stalker  
  42  4:14  Probe  
  42  4:15  Observer (Chrono Boost)  
  46  4:18  Probe  
  47  4:26  Probe  
  47  4:29  Stalker  
  47  4:31  Probe  
  49  4:33  Stalker  
  49  4:38  Probe  
  52  4:39  Assimilator, Dark Shrine  
  53  4:51  Warp Prism  
  54  4:53  Pylon  
  54  4:58  Pylon  
  54  5:04  Probe  
  53  5:07  Pylon  
  53  5:11  Probe  
  52  5:27  Stalker x3  
  58  5:35  Nexus  
  58  5:40  Probe x2  
  60  5:47  Pylon  
  60  5:54  Probe, Dark Templar x3  
  67  5:57  Probe  
  67  6:00  Assimilator  
  67  6:03  Pylon  
  68  6:07  Probe  
  70  6:11  Probe  
  68  6:19  Probe  
  68  6:22  Charge (Chrono Boost)  
  68  6:23  Probe  
  68  6:28  Gateway x2  
  68  6:30  Gateway  
  68  6:31  Probe  
  69  6:32  Gateway  
  69  6:33  Gateway  
  69  6:34  Shadow Stride  
  69  6:35  Probe  
  70  6:40  Zealot x2  
  70  6:45  Pylon  
  74  6:56  Zealot  
  74  6:59  Shield Battery  
  74  7:03  Dark Templar  
  74  7:06  Pylon x2  
  76  7:09  Zealot  
  76  7:15  Immortal (Chrono Boost)  
  78  7:17  Pylon  
  78  7:19  Zealot  
  82  7:23  Dark Templar x2  
  82  7:27  Zealot  
  82  7:28  Zealot  
  89  7:39  Stalker x3  
  89  7:41  Stalker  
  85  7:50  Stalker x2  
  75  7:59  Stalker  
  75  8:00  Stalker  
  75  8:03  Zealot x3  
  85  8:11  Zealot  
  85  8:12  Probe  
  82  8:16  Dark Templar  
  80  8:26  Stalker, Zealot x5  
  90  8:29  Warp Prism (Chrono Boost)  
  90  8:47  Zealot x5  
  90  8:48  Probe  
  91  8:50  Probe  
  91  8:52  Zealot  
  88  8:56  Probe  
  88  9:00  Probe  
  88  9:02  Probe  
  91  9:06  Robotics Bay  
  91  9:09  Probe  
  92  9:11  Forge  
  92  9:12  Probe  
  93  9:18  Probe  
  93  9:20  Pylon  
  93  9:21  Probe  
  93  9:23  Sentry  
  97  9:28  Nexus  
  97  9:39  Protoss Ground Weapons Level 1 (Chrono Boost)  
  97  9:42  Dark Templar  
  99  9:50  Colossus (Chrono Boost)  
  97  9:53  Extended Thermal Lance  
  97  9:54  Probe x2  
  97  9:55  Probe  
  106  10:03  Pylon  
  106  10:06  Probe x2  
  106  10:07  Probe  
  109  10:08  Robotics Facility  
  109  10:17  Unknown, Stalker x3  
  109  10:18  Stalker, Zealot x3  
  123  10:28  Zealot  
  123  10:40  Observer  
  125  10:45  Probe x4, Immortal (Chrono Boost)  
  125  10:49  Pylon  
  121  10:55  Observer (Chrono Boost)  
  122  11:02  Stalker x3, Pylon, Zealot x2  
  132  11:05  Probe  
  133  11:11  Forge  
  133  11:12  Pylon  
  133  11:16  Warp Prism  
  135  11:21  Observer  
  135  11:26  Protoss Ground Weapons Level 2 (Chrono Boost)  
  135  11:32  Stalker x8  
  148  11:41  Colossus (Chrono Boost)  
  148  11:44  Shield Battery  
  154  11:54  Pylon  
  154  12:03  Zealot x8  
  154  12:05  Disruptor (Chrono Boost)  
  170  12:29  Nexus  
  177  12:38  Disruptor x2 (Chrono Boost)  
  177  12:39  Pylon  
  177  12:50  Stalker x7  
  177  12:51  Stalker  
  193  12:58  Gateway  
  191  13:00  Gateway, Protoss Ground Armor Level 1 (Chrono Boost)  
  191  13:03  Gateway x2  
  189  13:21  Zealot x5  
  185  13:40  Zealot x3  
  161  13:42  Disruptor x2 (Chrono Boost)  
  161  13:44  Zealot x5, Observer  
  161  13:48  Stalker x5  
  129  13:59  Probe x5  
  129  14:01  Pylon  
  134  14:07  Observer, Dark Templar x2  
  137  14:11  Probe  
  137  14:12  Stalker x4  
  137  14:13  Stalker x2  
  137  14:15  Disruptor x2 (Chrono Boost)  
  158  14:19  Observer  
  158  14:24  Shield Battery  
  158  14:30  Pylon  
  158  14:34  Gateway  
  158  14:35  Gateway  
  158  14:44  Disruptor (Chrono Boost)  
  166  14:51  Disruptor (Chrono Boost)  
  166  14:56  Zealot x10  
  185  15:13  Observer x2 (Chrono Boost)  
  157  15:28  Zealot x11  
  149  15:29  Zealot x2  
Show
View Real Time Build Order
Export as new Build Order

GuMiho Terran 

Build Orders: Liberator Opening 

Get SALT Encoding   

  12  0:00  SCV  
  13  0:12  SCV  
  14  0:17  Supply Depot  
  14  0:24  SCV  
  15  0:38  SCV  
  15  0:40  Barracks  
  15  0:42  Refinery  
  16  0:50  SCV  
  16  0:52  Refinery  
  17  1:02  SCV  
  18  1:15  SCV  
  19  1:27  Orbital Command, Barracks Reactor  
  19  1:28  Supply Depot  
  19  1:39  Factory  
  19  1:53  SCV  
  20  2:03  Reaper x2  
  20  2:05  SCV  
  23  2:17  SCV  
  24  2:23  Hellion  
  24  2:27  Command Center  
  26  2:32  Supply Depot  
  26  2:36  Reaper  
  27  2:39  Reaper  
  27  2:43  SCV  
  29  2:49  Hellion  
  30  2:55  SCV  
  31  2:59  Starport  
  31  3:08  SCV  
  31  3:10  Hellion  
  34  3:16  Reaper x2  
  34  3:20  SCV  
  35  3:32  SCV  
  36  3:39  Liberator  
  38  3:50  Marine x2  
  38  3:52  Factory Tech Lab  
  38  3:53  SCV  
  39  3:59  Orbital Command  
  39  4:05  SCV  
  39  4:08  Barracks  
  40  4:10  Siege Tank  
  40  4:11  Marine  
  40  4:12  Marine  
  40  4:13  Supply Depot  
  45  4:17  SCV  
  44  4:27  SCV  
  44  4:29  Starport Tech Lab, Marine, SCV  
  44  4:30  Marine  
  45  4:39  SCV, Barracks  
  45  4:41  SCV  
  45  4:45  Siege Tank  
  50  4:52  SCV  
  51  4:53  SCV, Marine x2  
  51  4:57  Supply Depot  
  54  5:00  Bunker  
  54  5:04  SCV  
  54  5:05  SCV  
  54  5:06  Supply Depot  
  56  5:09  Stimpack  
  56  5:11  Marine  
  56  5:12  Marine  
  56  5:13  Marine  
  59  5:20  Siege Tank  
  59  5:27  Marine  
  58  5:29  SCV x2  
  58  5:33  Marine x2, Engineering Bay  
  62  5:40  Marine  
  63  5:43  Supply Depot, SCV  
  63  5:44  SCV  
  63  5:47  Refinery  
  63  5:48  Barracks Tech Lab  
  65  5:52  Siege Tank  
  65  5:56  SCV x2  
  70  6:00  Missile Turret  
  70  6:02  Terran Infantry Weapons Level 1  
  70  6:03  Supply Depot  
  70  6:04  Marine  
  70  6:09  Missile Turret  
  70  6:10  Marine x2  
  73  6:16  SCV x2  
  70  6:21  Marine  
  70  6:22  Marine  
  72  6:28  SCV, Marine  
  72  6:29  Siege Tank  
  72  6:32  Marine  
  77  6:37  Medivac  
  77  6:39  Marine  
  80  6:40  Marine  
  80  6:45  SCV x2  
  80  6:46  Marine  
  84  6:50  Marine  
  85  6:57  SCV x2  
  85  6:59  Marine x2  
  86  7:03  Siege Tank, Marine  
  86  7:08  Marine  
  90  7:11  Medivac  
  92  7:16  SCV x2  
  92  7:20  Supply Depot, Marine x2  
  92  7:21  Marine  
  97  7:26  Marine  
  97  7:27  Supply Depot  
  97  7:29  Supply Depot  
  93  7:38  Marine  
  93  7:39  Marine  
  93  7:40  Marine  
  93  7:44  Marine  
  84  7:45  Missile Turret  
  84  7:49  Siege Tank  
  81  7:53  Medivac  
  81  7:56  Marine  
  81  7:57  Marine x2  
  83  8:01  Marine  
  80  8:06  SCV x2  
  80  8:08  Terran Infantry Armor Level 1  
  78  8:14  Marine  
  78  8:15  Marine x2  
  78  8:19  Marine  
  77  8:27  Siege Tank  
  77  8:29  Starport Reactor  
  77  8:31  SCV, Marine  
  77  8:32  SCV  
  77  8:33  Marine x2, Command Center  
  77  8:52  Marine x2  
  77  8:53  Marauder  
  67  8:55  Marine  
  67  9:00  SCV  
  67  9:01  SCV, Barracks  
  73  9:04  Barracks  
  73  9:09  Medivac x2  
  74  9:13  SCV x2  
  76  9:21  Widow Mine x2  
  76  9:22  Concussive Shells  
  76  9:23  Marauder  
  76  9:24  Combat Shield, Marauder x2  
  85  9:25  SCV x2  
  87  9:37  SCV x2  
  89  9:45  Marauder x2  
  95  9:46  Marauder  
  95  9:49  SCV x2  
  97  9:53  Barracks Tech Lab, Barracks Reactor  
  96  10:00  Medivac  
  96  10:01  SCV x2  
  96  10:02  Missile Turret  
  96  10:06  Marauder  
  102  10:09  Armory  
  102  10:11  Orbital Command  
  102  10:13  SCV x2  
  104  10:15  Refinery  
  104  10:17  Refinery  
  104  10:19  Marauder  
  108  10:21  Marauder  
  108  10:24  Marauder  
  108  10:25  SCV  
  106  10:38  Viking x2  
  110  10:48  Marauder x2  
  110  10:49  SCV x2  
  116  11:03  Marine x2, Marauder x2  
  122  11:07  Terran Infantry Weapons Level 2  
  122  11:09  Marauder  
  122  11:10  SCV x3  
  122  11:11  Refinery  
  127  11:14  Missile Turret  
  127  11:16  Ghost Academy  
  127  11:19  Supply Depot  
  127  11:24  SCV x3  
  130  11:26  Marauder  
  130  11:31  Viking  
  130  11:32  Viking  
  136  11:38  Missile Turret  
  136  11:41  Marauder x3  
  136  11:44  Widow Mine x2  
  146  11:54  Ghost  
  148  12:03  Command Center  
  148  12:18  Supply Depot  
  148  12:19  Supply Depot x2  
  154  12:26  Widow Mine  
  156  12:35  Ghost x2, Widow Mine  
  156  12:39  Ghost x2, Viking x2  
  156  12:41  Supply Depot  
  156  12:42  Sensor Tower  
  164  12:47  Missile Turret  
  164  12:48  Engineering Bay  
  164  13:02  Marine x2  
  164  13:04  Marauder x2  
  168  13:08  Marine x2  
  168  13:09  Viking x2  
  170  13:20  Marine x2  
  170  13:25  Marauder  
  170  13:26  Marine, Marauder  
  176  13:27  Marauder  
  170  13:37  Marine x2  
  151  13:44  Marauder  
  151  13:47  Marauder  
  151  13:48  Marauder  
  130  13:49  Marauder  
  130  13:54  Widow Mine  
  130  13:55  Marine x2  
  130  13:56  Widow Mine  
  130  14:01  Orbital Command  
  134  14:08  Medivac x2  
  140  14:10  Ghost x4  
  140  14:14  Marine x2  
  144  14:22  Fusion Core  
  144  14:27  Widow Mine x2  
  148  14:33  Marine x2  
  148  14:37  SCV x2  
  152  14:39  Marauder x2  
  152  14:40  Bunker  
  152  14:41  Marauder x2  
  160  14:50  Marine x2  
  161  15:01  Marine, Marauder x2  
  161  15:05  Marauder  
  161  15:06  Missile Turret  
  167  15:08  Marine x2  
Tags
 
Add a new tag
Caveats
  • Supply blocks, unpowered buildings, or Contaminate may cause inaccurate times.
  • Supply counts are checked every 10 seconds.